[Event "ICCopen2017"]
[Site "Internet Chess Club"]
[Date "2017.03.19"]
[Round "8"]
[White "DaveyJones"]
[Black "Chisel"]
[Result "0-1"]
[ICCResult "White forfeits on time"]
[WhiteElo "1500"]
[BlackElo "1736"]
[Opening "English: three knights system"]
[ECO "A27"]
[NIC "EO.21"]
[Time "20:38:01"]
[TimeControl "180+0"]

1. c4 e5 2. Nc3 Nc6 3. Nf3 Bc5 4. a3 a5 5. e3 d6 6. d4 exd4 7. exd4 Bb6 8.
Be2 Nf6 9. h3 O-O 10. Bg5 h6 11. Bh4 g5 12. Bg3 Nh5 13. Nd5 Nxg3 14. fxg3
Be6 15. Nxb6 cxb6 16. d5 Ne5 17. Nxe5 dxe5 18. dxe6 Qe7 19. Qd7 Qc5 20. Qd2
fxe6 21. Rf1 Rxf1+ 22. Bxf1 e4 23. Rd1 e3 24. Qd3 Kg7 25. Qd4+ e5 26. Qxc5
bxc5 27. Rd7+ Kf6 28. Rxb7 Rd8 29. Ke2 h5 30. Kxe3 h4 31. gxh4 gxh4 32. Bd3
Kg5 33. Rb6 Rf8 34. Rg6+ Kh5 35. Rg4 a4 36. Bg6+ Kh6 37. Ke4 Rb8 38. Bf5
Rxb2 39. Rxh4+ Kg5 40. Rg4+ Kf6 41. Rg6+ Kf7 42. Kxe5 Re2+ 43. Kf4 Rf2+ 44.
Kg5 Rxg2+ 45. Kh5 Rf2 46. Be4 Rh2 47. Bd5+ Ke7 48. Kh4 Rf2
{White forfeits on time}
0-1

[Event "ICCopen2017"]
[Site "Internet Chess Club"]
[Date "2017.03.19"]
[Round "8"]
[White "Voltage"]
[Black "Kusox"]
[Result "0-1"]
[ICCResult "White resigns"]
[WhiteElo "2355"]
[BlackElo "2165"]
[Opening "Grünfeld: Stockholm variation"]
[ECO "D80"]
[NIC "GI.03"]
[Time "20:38:49"]
[TimeControl "180+0"]

1. d4 Nf6 2. c4 g6 3. Nc3 d5 4. Bg5 Ne4 5. Bh4 Nxc3 6. bxc3 dxc4 7. e3 Be6
8. Nf3 f6 9. Qb1 Qc8 10. Be2 Bg7 11. O-O Nd7 12. e4 O-O 13. h3 a5 14. d5 Bf7
15. Bxc4 Nb6 16. Be2 f5 17. c4 fxe4 18. Qxe4 e6 19. dxe6 Qxe6 20. Qxe6 Bxe6
21. Rac1 a4 22. Bg3 c6 23. Rfd1 Bb2 24. Rc2 a3 25. Bc7 Bf5 26. Rcd2 Na4 27.
Nd4 Nc3 28. c5 Nxd1 29. Bc4+ Kg7 30. Be5+ Rf6 31. Rxd1 Rd8 32. Nxf5+ gxf5
33. Rxd8 Bxe5 34. Rd7+ Kg6 35. Rxb7 Bd4 36. Bg8 Bxc5 37. Bxh7+ Kh6 38. Bg8
Rd6 39. Rc7 Rd1+ 40. Kh2 Bd6+ {White resigns} 0-1

[Event "ICCopen2017"]
[Site "Internet Chess Club"]
[Date "2017.03.19"]
[Round "8"]
[White "Ohanessian"]
[Black "Pschaak"]
[Result "1-0"]
[ICCResult "Black forfeits on time"]
[WhiteElo "2093"]
[BlackElo "1754"]
[Opening "Caro-Kann: Goldman (Spielmann) variation"]
[ECO "B11"]
[NIC "CK.01"]
[Time "20:37:38"]
[TimeControl "180+0"]

1. e4 c6 2. Nc3 d5 3. Qf3 Nf6 4. e5 Nfd7 5. d4 e6 6. Qg3 c5 7. Nf3 Nc6 8.
Bg5 Qa5 9. O-O-O h6 10. Be3 cxd4 11. Nxd4 Ncxe5 12. f4 Nc6 13. Nb3 Qc7 14.
Be2 a6 15. Bh5 Nf6 16. Bf3 b5 17. Qf2 Bb7 18. Bb6 Qc8 19. Rhe1 Be7 20. f5
O-O 21. fxe6 fxe6 22. Qe2 Bd6 23. Qxe6+ Qxe6 24. Rxe6 Bf4+ 25. Kb1 Rfe8 26.
Rxe8+ Rxe8 27. Nxd5 Bxh2 28. Nxf6+ gxf6 29. Nc5 Ba8 30. Bd5+ Kg7 31. Ne6+
Kg6 32. Nc7 Rb8 33. Nxa8 Ne5 34. Be4+ f5 35. Rd6+ Kg5 36. Be3+ Kg4 37. Bd5
f4 38. Bc1 Kg3 39. Rxh6 Bg1 40. Nc7 Rd8 41. Be4 Be3 42. Rh3+ Kf2 43. Nd5
Rxd5 44. Bxd5 Ng4 45. Rf3+ Kxg2 46. Rxe3+ Kg1 47. Re1+ {Black forfeits on
time} 1-0

[Event "ICCopen2017"]
[Site "Internet Chess Club"]
[Date "2017.03.19"]
[Round "8"]
[White "zoujun1966"]
[Black "Mormegil"]
[Result "1-0"]
[ICCResult "Black resigns"]
[WhiteElo "1595"]
[BlackElo "1741"]
[Opening "Ruy Lopez: Wormald (Alapin) attack"]
[ECO "C77"]
[NIC "RL.12"]
[Time "20:38:48"]
[TimeControl "180+0"]

1. e4 e5 2. Nf3 Nc6 3. Bb5 a6 4. Ba4 Nf6 5. Qe2 Bc5 6. O-O d6 7. c3 h6 8. h3
O-O 9. a3 Be6 10. b4 Ba7 11. d3 b5 12. Bc2 Re8 13. Be3 Qd7 14. Nbd2 d5 15.
Bxa7 Rxa7 16. Nb3 dxe4 17. dxe4 Bc4 18. Qe3 Bxf1 19. Rxf1 Raa8 20. Nc5 Qe7
21. Nh4 Nd7 22. Nf5 Qd8 23. Rd1 Ncb8 24. Qg3 g5 25. Nxh6+ Kg7 26. Nf5+ Kg6
27. h4 Rh8 28. hxg5 c6 29. Bb3 Ra7 30. Nh4+ Kg7 31. Qf3 Qe7 32. Nf5+ Kf8 33.
Nxe7 Kxe7 34. Qxf7+ Kd8 35. Be6 Rf8 36. Qxf8+ {Black resigns} 1-0

[Event "ICCopen2017"]
[Site "Internet Chess Club"]
[Date "2017.03.19"]
[Round "8"]
[White "watchout"]
[Black "Theunrock"]
[Result "1-0"]
[ICCResult "Black forfeits on time"]
[WhiteElo "1429"]
[BlackElo "1663"]
[Opening "two knights: Max Lange attack"]
[ECO "C55"]
[NIC "KP.02"]
[Time "20:37:57"]
[TimeControl "180+0"]

1. e4 e5 2. Nf3 Nc6 3. d4 exd4 4. Bc4 Nf6 5. O-O Bc5 6. e5 d5 7. exf6 dxc4
8. Re1+ Be6 9. Ng5 Qd5 10. Qh5 O-O-O 11. Qf3 Qxf3 12. Nxf3 gxf6 13. Bf4 h5
14. Nbd2 Bb6 15. Ne4 d3 16. cxd3 cxd3 17. Rad1 Ba5 18. Re3 d2 19. Nexd2 Bxa2
20. b3 Rd5 21. Rc3 Rhd8 22. Rc2 Bxb3 23. Rcc1 Bxd1 24. Rxd1 Bxd2 25. Rxd2
Rxd2 26. Nxd2 a5 27. Kf1 a4 28. Nc4 b5 29. Na3 b4 30. Nb5 a3 31. Bxc7 a2 32.
g3 a1=Q+ 33. Kg2 Qb2 34. Bxd8 Kxd8 35. Nd6 Ke7 36. Nf5+ Kf8 37. Ne3 Ne5 38.
h3 Qd2 39. Nf5 Nd3 40. Ne3 {Black forfeits on time} 1-0

[Event "ICCopen2017"]
[Site "Internet Chess Club"]
[Date "2017.03.19"]
[Round "8"]
[White "Revolutions"]
[Black "METALCHESS"]
[Result "0-1"]
[ICCResult "White resigns"]
[WhiteElo "1820"]
[BlackElo "1986"]
[Opening "Dutch with c4 & Nc3"]
[ECO "A87"]
[NIC "HD.05"]
[Time "20:38:37"]
[TimeControl "180+0"]

1. d4 f5 2. c4 Nf6 3. Nc3 g6 4. Nf3 Bg7 5. g3 O-O 6. Bg2 d6 7. O-O Qe8 8.
Bg5 Ne4 9. Nd5 Nxg5 10. Nxg5 Na6 11. b4 c6 12. b5 cxd5 13. bxa6 Rb8 14.
Bxd5+ e6 15. Bg2 bxa6 16. Rc1 h6 17. Nf3 Bb7 18. d5 e5 19. Nh4 Kh7 20. e3 e4
21. Bh3 Bc8 22. Ng2 g5 23. f3 exf3 24. Ne1 g4 25. Nxf3 Qxe3+ 26. Rf2 gxf3
27. Qf1 Bd4 28. Re1 Qxf2+ 29. Qxf2 Bxf2+ 30. Kxf2 f4 31. g4 h5 32. Kxf3
hxg4+ 33. Bxg4 Bxg4+ 34. Kxg4 Rbe8 35. Rb1 f3 36. c5 dxc5 37. d6 f2 38. d7
Re1 39. Rb7 Rd8 {White resigns} 0-1

[Event "ICCopen2017"]
[Site "Internet Chess Club"]
[Date "2017.03.19"]
[Round "8"]
[White "COMBINATOR35"]
[Black "manest"]
[Result "1/2-1/2"]
[ICCResult "Game drawn by repetition"]
[WhiteElo "2452"]
[BlackElo "2826"]
[Opening "Scandinavian (center counter) defense"]
[ECO "B01"]
[NIC "SD.02"]
[Time "20:38:21"]
[TimeControl "180+0"]

1. e4 d5 2. exd5 Qxd5 3. Nc3 Qd8 4. d4 Nf6 5. Bc4 c6 6. Nf3 Bf5 7. Bg5 Nbd7
8. Qe2 h6 9. Bh4 e6 10. O-O-O Qa5 11. Rhe1 Bb4 12. Bxf6 Nxf6 13. Qe3 Ng4 14.
Qd2 Bxc3 15. bxc3 Qa3+ 16. Kb1 Nf6 17. Re3 Ne4 18. Qe1 Nd6 19. Bd3 Bxd3 20.
cxd3 O-O 21. Qd2 Rfd8 22. Qb2 Qa4 23. Qb3 Qa5 24. Ne5 Qc7 25. g4 a5 26. Ka1
a4 27. Qc2 c5 28. dxc5 Qxc5 29. d4 Qc7 30. f4 Rac8 31. Rh3 Nb5 32. Qg2 Nxc3
33. Rc1 Qb6 34. Rhxc3 Rxc3 35. Rxc3 Qxd4 36. Qb2 Qxf4 37. Nd3 Qxg4 38. a3
Qd4 39. Nc5 Rc8 40. Nxa4 Rxc3 41. Nxc3 e5 42. Qb3 e4 43. Kb2 e3 44. Qxb7 e2
45. Qc8+ Kh7 46. Qf5+ Kg8 47. Qc8+ Kh7 48. Qf5+ Kg8 49. Qc8+ Kh7
{Game drawn by repetition}
1/2-1/2

[Event "ICCopen2017"]
[Site "Internet Chess Club"]
[Date "2017.03.19"]
[Round "8"]
[White "vsqk"]
[Black "demchog97"]
[Result "0-1"]
[ICCResult "White resigns"]
[WhiteElo "1796"]
[BlackElo "1967"]
[Opening "Sicilian: Katalimov variation"]
[ECO "B27"]
[NIC "SI.43"]
[Time "20:38:52"]
[TimeControl "180+0"]

1. e4 c5 2. Nf3 b6 3. d4 Bb7 4. d5 e6 5. c4 exd5 6. cxd5 Nf6 7. Nc3 d6 8.
Bg5 Be7 9. Bb5+ Nbd7 10. e5 dxe5 11. Nxe5 O-O 12. Nxd7 Nxd7 13. Be3 Nf6 14.
Bc4 a6 15. a4 Bd6 16. O-O Bc8 17. h3 Re8 18. Re1 Bf5 19. Bg5 Rxe1+ 20. Qxe1
h6 21. Bh4 g5 22. Bg3 Bxg3 23. fxg3 Qd6 24. Qf2 Bg6 25. Rf1 Nd7 26. Qe2 Ne5
27. Bxa6 c4 28. Bb7 Rb8 29. Bc6 Bd3 30. Qf2 Bxf1 31. Qxf1 Nxc6 32. dxc6 Qxc6
33. Qf5 Qc5+ 34. Qxc5 bxc5 35. Nb5 Ra8 36. a5 Rxa5 37. Nd6 Ra4 38. Kf2 Rb4
39. Ke3 Rxb2 40. Nxc4 Rxg2 41. Kf3 Rc2 42. Ne5 c4 43. Kg4 c3 44. Kh5 Re2 45.
Nd3 Kg7 46. Kg4 c2 47. Kf3 Rd2 48. Nc1 Rd1 49. Nb3 c1=Q {White resigns} 0-1

[Event "ICCopen2017"]
[Site "Internet Chess Club"]
[Date "2017.03.19"]
[Round "8"]
[White "BeerMeUpScotty"]
[Black "moonriver"]
[Result "1-0"]
[ICCResult "Black forfeits on time"]
[WhiteElo "1670"]
[BlackElo "1372"]
[Opening "Caro-Kann: classical, 6.h4"]
[ECO "B18"]
[NIC "CK.11"]
[Time "20:38:46"]
[TimeControl "180+0"]

1. e4 c6 2. d4 d5 3. Nd2 dxe4 4. Nxe4 Bf5 5. Ng3 Bg6 6. h4 h5 7. Nf3 Nd7 8.
Bd3 Bxd3 9. Qxd3 g6 10. Bd2 Ngf6 11. O-O-O Bh6 12. Bxh6 Rxh6 13. Qd2 Rh7 14.
Ng5 Rg7 15. Rhe1 e6 16. Qe2 Nf8 17. c4 Qa5 18. Kb1 O-O-O 19. N3e4 N8d7 20.
Nd6+ Kc7 21. c5 Rf8 22. Ndxf7 Rfxf7 23. Nxe6+ Kc8 24. Nxg7 Rxg7 25. Qe6 Qd8
26. Qd6 Ne8 27. Qf4 Ndf6 28. Re6 Nd5 29. Qg3 Nef6 30. Rde1 Qa5 31. Qd6 Rd7
32. Qf8+ Kc7 33. Qe8 Qd2 34. a3 Qd3+ 35. Ka1 Qxd4 36. Qxg6 Nc3 37. Qxf6 Qd2
38. Qe5+ {Black forfeits on time} 1-0

[Event "ICCopen2017"]
[Site "Internet Chess Club"]
[Date "2017.03.19"]
[Round "8"]
[White "lazywillis"]
[Black "cap78red"]
[Result "1-0"]
[ICCResult "Black checkmated"]
[WhiteElo "1146"]
[BlackElo "1338"]
[Opening "Fried fox defense"]
[ECO "A40"]
[NIC "QO.17"]
[Time "20:41:11"]
[TimeControl "180+0"]

1. d4 f6 2. e4 Kf7 3. Qh5+ Ke6 4. d5+ Kd6 5. Bf4+ Kc5 6. b4+ Kd4 7. c3+ Kxe4
8. Qf3+ Kf5 9. Bxc7+ Kg5 10. h4+ Kh6 11. Qf4+ g5 12. hxg5+ Kg7 13. gxf6+
Nxf6 14. Qg5+ Kf7 15. Bxd8 Bh6 16. Rxh6 Rg8 17. Rxf6+ exf6 18. Qxf6+ Ke8 19.
d6 Nc6 20. b5 Nxd8 21. Nd2 Ne6 22. Bc4 b6 23. Bxe6 dxe6 24. Ne4 Bd7 25. Rd1
Rf8 26. Qe7# {Black checkmated} 1-0

[Event "ICCopen2017"]
[Site "Internet Chess Club"]
[Date "2017.03.19"]
[Round "8"]
[White "fueguino"]
[Black "Sc6"]
[Result "0-1"]
[ICCResult "White forfeits on time"]
[WhiteElo "1859"]
[BlackElo "1616"]
[Opening "King's Indian: Four pawns attack, dynamic line"]
[ECO "E76"]
[NIC "KI.31"]
[Time "20:37:26"]
[TimeControl "180+0"]

1. d4 Nf6 2. c4 g6 3. Nc3 Bg7 4. e4 d6 5. f4 O-O 6. Nf3 c5 7. d5 a6 8. Bd3
b5 9. O-O bxc4 10. Bxc4 a5 11. e5 Ne8 12. Be3 Ba6 13. Bxa6 Nxa6 14. e6 Nec7
15. f5 Nb4 16. a3 Bxc3 17. axb4 Bxb4 18. Bh6 c4 19. Kh1 fxe6 20. fxe6 Rf5
21. Qd4 Rf6 22. Ng5 Bc5 23. Qh4 Ne8 24. Nf7 Qb6 25. Bg5 Bd4 26. Bxf6 Bxf6
27. Ng5 h5 28. Qg3 Qxb2 29. Rab1 Qc3 30. Ne4 Qxg3 31. hxg3 Be5 32. Rb7 Nf6
33. Ng5 Nxd5 34. Rf7 Bf6 35. Ne4 c3 36. Nxf6+ Nxf6 37. Rfxe7 c2 38. Rec7 a4
39. Rxc2 a3 40. Ra2 Nd5 41. Rb3 Rc8 42. Rbxa3 Nf6 43. Kh2 Ng4+ 44. Kh3 Rc1
45. Kh4 Rh1+ 46. Kg5 Rf1 47. Kxg6 Rf6+ {White forfeits on time} 0-1

[Event "ICCopen2017"]
[Site "Internet Chess Club"]
[Date "2017.03.19"]
[Round "8"]
[White "FytinFrank"]
[Black "AlonzoMosely"]
[Result "0-1"]
[ICCResult "White forfeits on time"]
[WhiteElo "1861"]
[BlackElo "2266"]
[Opening "Vienna: Paulsen-Mieses variation"]
[ECO "C26"]
[NIC "VG.01"]
[Time "20:38:13"]
[TimeControl "180+0"]

1. e4 e5 2. Nc3 Nf6 3. g3 d5 4. exd5 Nxd5 5. Bg2 Nxc3 6. bxc3 Bd6 7. Nf3 O-O
8. O-O Nd7 9. d3 Re8 10. Rb1 Rb8 11. Re1 Nf6 12. Bg5 h6 13. Be3 b6 14. c4
Bg4 15. h3 Bh5 16. g4 Bg6 17. Nh4 Bh7 18. g5 hxg5 19. Bxg5 Bc5 20. Qf3 Re6
21. Nf5 Qd7 22. h4 e4 23. dxe4 Rxe4 24. Bxf6 Rxe1+ 25. Rxe1 Qxf5 26. Qxf5
Bxf5 27. Be5 Re8 28. Bc3 Rxe1+ 29. Bxe1 Bxc2 30. Bc3 Bd3 31. Bd5 c6 32. Bxc6
Bxc4 33. Kg2 Bxa2 34. f4 a5 35. Kf3 Be6 36. Ke4 Kf8 37. f5 Bc8 38. h5 f6 39.
Bd5 Bd7 40. Be6 Ke7 41. Kd5 Bxe6+ 42. fxe6 a4 43. Bb2 a3 44. Ba1 Bd6 45. Bd4
b5 46. Kc6 b4 47. Kb5 b3 {White forfeits on time} 0-1

[Event "ICCopen2017"]
[Site "Internet Chess Club"]
[Date "2017.03.19"]
[Round "8"]
[White "sravanrenjith"]
[Black "findles"]
[Result "1/2-1/2"]
[ICCResult "Game drawn by mutual agreement"]
[WhiteElo "1532"]
[BlackElo "1829"]
[Opening "Queen's pawn game"]
[ECO "A46"]
[NIC "QP.05"]
[Time "20:38:28"]
[TimeControl "180+0"]

1. d4 Nf6 2. Nf3 e6 3. Bf4 d5 4. e3 Bd6 5. Bxd6 Qxd6 6. Nbd2 c5 7. c4 Nc6 8.
cxd5 exd5 9. dxc5 Qxc5 10. Bd3 O-O 11. O-O Bg4 12. h3 Bh5 13. Rc1 Qb6 14.
Qb3 Qxb3 15. axb3 Rad8 16. Bb5 Na5 17. Ra1 Nc6 18. Bxc6 bxc6 19. Rxa7 Rb8
20. Rc1 Rb6 21. Nd4 Rc8 22. Rxc6 Rbxc6 23. Nxc6 Kf8 24. Nd4 Rc1+ 25. Kh2 Rd1
26. N2f3 Bxf3 27. Nxf3 Rb1 28. Ne5 Rxb2 29. Nxf7 Rxb3 30. Ng5 Rb6 31. Ra8+
Ke7 32. Ra7+ Kf8 33. Ra8+ Ke7 34. Rh8 h6 35. Nf3 Kf7 36. Ra8 Rb2 37. Ra7+
Kf8 38. Nd4 Rb6 39. Nf5 Ne8 40. Nd4 Rf6 41. f3 {Game drawn by mutual
agreement} 1/2-1/2

[Event "ICCopen2017"]
[Site "Internet Chess Club"]
[Date "2017.03.19"]
[Round "8"]
[White "BlackHorse96"]
[Black "elshan-defence"]
[Result "1-0"]
[ICCResult "Black forfeits on time"]
[WhiteElo "3095"]
[BlackElo "2711"]
[Opening "Ruy Lopez: Berlin defense"]
[ECO "C65"]
[NIC "RL.07"]
[Time "20:37:35"]
[TimeControl "180+0"]

1. e4 e5 2. Nf3 Nc6 3. Bb5 Nf6 4. Qe2 d6 5. O-O Bd7 6. c3 a6 7. Bc4 Be7 8.
d4 O-O 9. h3 h6 10. Rd1 Qc8 11. Nbd2 Re8 12. dxe5 dxe5 13. Nf1 Be6 14. Ng3
Bf8 15. Be3 Bxc4 16. Qxc4 Qe6 17. Qa4 Rad8 18. Nf5 Kh7 19. g4 g6 20. Ng3 Kg8
21. Kg2 Nd7 22. Qc2 Nb6 23. Bxb6 cxb6 24. Qe2 b5 25. a4 bxa4 26. Rxd8 Rxd8
27. Rxa4 Qb3 28. Ra1 Bc5 29. Nf1 Kg7 30. h4 a5 31. h5 b5 32. hxg6 fxg6 33.
Ne3 Ne7 34. Rxa5 Bxe3 35. Qxe3 Nc6 36. Ra6 Qe6 37. Kg3 Rf8 38. Rb6 Rf4 39.
Nh2 h5 40. f3 Qc4 41. Kg2 Rf6 42. g5 Rd6 43. Rb7+ Kf8 44. Nf1 Ne7 45. b3
Qxb3 46. Qc5 Qc2+ 47. Kh3 Re6 48. Ng3 Qd1 49. Rb8+ Kf7 50. Qf2 Qd3 51. Kg2
Qxc3 52. Rh8 Qd4 53. Rh7+ Kg8 54. Rh6 Qxf2+ 55. Kxf2 b4 56. Nxh5 b3 57. Nf6+
Kf8 58. Rh8+ Kg7 59. Rh7+ Kf8 60. Rh1 Kg7 61. Nh7 Rc6 62. Nf6 Rc2+ 63. Kg3
b2 64. Rh7+ Kf8 65. Rh8+ {Black forfeits on time} 1-0

[Event "ICCopen2017"]
[Site "Internet Chess Club"]
[Date "2017.03.19"]
[Round "8"]
[White "justinchess"]
[Black "rovov"]
[Result "1-0"]
[ICCResult "Black forfeits on time"]
[WhiteElo "2217"]
[BlackElo "1772"]
[Opening "Réti: King's Indian attack (Barcza system)"]
[ECO "A07"]
[NIC "QP.09"]
[Time "20:38:33"]
[TimeControl "180+0"]

1. Nf3 d5 2. g3 c6 3. Bg2 Bf5 4. O-O e6 5. c4 Nf6 6. Nh4 Bg6 7. Nxg6 hxg6 8.
b3 Bd6 9. Bb2 Nbd7 10. Nc3 Qe7 11. e4 dxe4 12. Nxe4 Nxe4 13. Bxe4 Nf6 14.
Bg2 O-O-O 15. d4 g5 16. d5 cxd5 17. cxd5 exd5 18. Rc1+ Kb8 19. Bxf6 Qxf6 20.
Qxd5 Rd7 21. Qb5 Re7 22. Rfe1 g4 23. Bxb7 Rxb7 24. Re8+ Qd8 25. Rxd8+ Rxd8
26. Qg5 Rbd7 27. Qb5+ Ka8 28. Qc6+ Kb8 29. Qe4 Ba3 30. Qxg4 Ka8 31. Re1 Bc5
32. Qf3+ Kb8 33. h4 Bb6 34. Re8 Kc8 35. Qa8+ {Black forfeits on time} 1-0

[Event "ICCopen2017"]
[Site "Internet Chess Club"]
[Date "2017.03.19"]
[Round "8"]
[White "egyptiantiger"]
[Black "CristianS"]
[Result "0-1"]
[ICCResult "White forfeits on time"]
[WhiteElo "1826"]
[BlackElo "2009"]
[Opening "QGD: exchange, positional line, 5...c6"]
[ECO "D35"]
[NIC "QO.16"]
[Time "20:37:44"]
[TimeControl "180+0"]

1. d4 d5 2. c4 e6 3. Nc3 Nf6 4. cxd5 exd5 5. Bg5 c6 6. e3 Be7 7. Qc2 Nbd7 8.
Bd3 O-O 9. Nge2 Re8 10. O-O Nf8 11. Rab1 g6 12. b4 a6 13. a4 Ne4 14. Bxe7
Qxe7 15. Bxe4 dxe4 16. Ng3 f5 17. f3 exf3 18. Rxf3 Ne6 19. b5 Ng5 20. Rff1
Qxe3+ 21. Kh1 Qxd4 22. bxc6 bxc6 23. Rbd1 Qg7 24. Nce2 Bb7 25. Rb1 Rac8 26.
Qb3+ Qf7 27. Qxf7+ Nxf7 28. Rxb7 h5 29. Nf4 h4 30. Nge2 g5 31. Nd4 gxf4 32.
Nxf5 Re5 33. Nxh4 Rce8 34. Nf3 Re4 35. h4 Rxa4 36. h5 Ra2 37. Rc1 Ree2 38.
Nh4 f3 39. Rxc6 fxg2+ 40. Nxg2 Rxg2 41. Rg6+ Kf8 42. Rxg2 Ra1+ 43. Kh2 Ra4
44. Rg7 Rh4+ {White forfeits on time} 0-1

[Event "ICCopen2017"]
[Site "Internet Chess Club"]
[Date "2017.03.19"]
[Round "8"]
[White "Mysterious17"]
[Black "juandeperea"]
[Result "0-1"]
[ICCResult "White forfeits on time"]
[WhiteElo "1637"]
[BlackElo "1870"]
[Opening "Sicilian: Grand Prix attack"]
[ECO "B23"]
[NIC "SI.44"]
[Time "20:37:37"]
[TimeControl "180+0"]

1. e4 c5 2. Nc3 Nc6 3. f4 e6 4. Nf3 Nge7 5. Bb5 a6 6. Bxc6 Nxc6 7. d4 cxd4
8. Nxd4 Qb6 9. Nb3 Be7 10. Qf3 O-O 11. Be3 Qc7 12. O-O b5 13. Qg3 Bb7 14.
Rad1 Rac8 15. a3 b4 16. axb4 Nxb4 17. Bd4 f6 18. Rf2 a5 19. Qe3 a4 20. Bb6
Qc4 21. Na5 Qa6 22. Rxd7 Rfe8 23. Rxb7 Nc6 24. Qe2 Qa8 25. Nxa4 Nxa5 26.
Bxa5 Qxb7 27. b3 Qc6 28. Be1 Bc5 29. Kh1 Ba7 30. Rf3 e5 31. f5 Red8 32. c3
Qb7 33. b4 Qd7 34. c4 Qd1 35. Qxd1 Rxd1 36. Rf1 Rxc4 37. h3 Rcc1 38. Kh2
Rxe1 39. Rxe1 Rxe1 40. Nc5 Rb1 41. Ne6 Bb6 42. Nc5 Kf7 43. Nd3 Ke7 44. Nf2
Kd7 45. Ng4 Kc6 46. Nxf6 Kb5 47. h4 Kxb4 48. h5 Bd4 49. h6 Be3 50. hxg7 Bf4+
{White forfeits on time}
0-1

[Event "ICCopen2017"]
[Site "Internet Chess Club"]
[Date "2017.03.19"]
[Round "8"]
[White "penguingm1"]
[Black "AbasovN"]
[Result "0-1"]
[ICCResult "White forfeits on time"]
[WhiteElo "2883"]
[BlackElo "3161"]
[Opening "Nimzo-Indian: classical, Noa variation"]
[ECO "E34"]
[NIC "NI.23"]
[Time "20:37:26"]
[TimeControl "180+0"]

1. d4 Nf6 2. c4 e6 3. Nc3 Bb4 4. Qc2 d5 5. cxd5 Qxd5 6. Nf3 Qf5 7. Qb3 Nc6
8. Bd2 a5 9. a3 a4 10. Qd1 Bxc3 11. Bxc3 Ne4 12. e3 e5 13. Bb5 O-O 14. Bxc6
bxc6 15. O-O Ba6 16. Re1 Nxf2 17. Kxf2 e4 18. g4 Qxf3+ 19. Qxf3 exf3 20.
Kxf3 f5 21. Bb4 Rf7 22. Rac1 Re8 23. g5 Bd3 24. Rc5 Be4+ 25. Kg3 Bd5 26. Rc2
Re4 27. h3 Rd7 28. Rf2 g6 29. Rf4 Re8 30. h4 Kf7 31. h5 Ke6 32. hxg6 hxg6
33. Rh4 Be4 34. Rh6 Rg7 35. Kf4 Kd7 36. Rc1 Bd5 37. Re1 Re4+ 38. Kg3 Rg4+
39. Kf2 Rg2+ 40. Kf1 Rxg5 41. Bc3 Re7 42. Kf2 Rg2+ 43. Kf1 Rc2 44. Rxg6 Bc4+
45. Kg1 Bf7 46. Rg2 Rxg2+ 47. Kxg2 Bd5+ 48. Kf2 Rg7 49. Rg1 Rh7 50. Kg3 Rg7+
51. Kf2 Rh7 52. Kg3 Ke6 53. Kf4 Rh4+ 54. Kg3 Rg4+ 55. Kf2 Rh4 56. Rg6+ Kf7
57. Rg1 Rh2+ 58. Kg3 Re2 59. Kf4 Kf6 60. Rf1 Rg2 61. e4 Rg4+ 62. Ke3 Rxe4+
63. Kd2 Ke6 64. Rf2 Bc4 65. Kd1 f4 66. Bd2 Kf5 67. Bc3 Kg4 68. Kd2 f3 69.
Kd1 Kg3 70. Be1 Kf4 71. Kd2 Re2+ 72. Kc3 Rxe1 73. Rh2 Re3+ 74. Kxc4 Kg3 75.
Rh4 Re2 76. Rh1 Kg2 77. Rg1+ Kxg1 78. Kd3 f2 79. Kc4 f1=Q 80. Kb4 Qd1 81.
Ka5 Rc2 82. Ka6 Qb1 83. Kb7 Qxb2+ 84. Kc8 Rc3 85. Kd7 Qxa3 86. d5 Qb4 87.
Kc8 Qd4 88. dxc6 Qd5 {White forfeits on time} 0-1

[Event "ICCopen2017"]
[Site "Internet Chess Club"]
[Date "2017.03.19"]
[Round "8"]
[White "eltigrecu"]
[Black "giovana64"]
[Result "1-0"]
[ICCResult "Black forfeits on time"]
[WhiteElo "1969"]
[BlackElo "1538"]
[Opening "Old Benoni defense"]
[ECO "A43"]
[NIC "OI.09"]
[Time "20:37:27"]
[TimeControl "180+0"]

1. d4 c5 2. Bg5 cxd4 3. Qxd4 Nc6 4. Qc3 d6 5. Nf3 Qa5 6. e3 g6 7. Bb5 Qxc3+
8. Nxc3 Bg7 9. Nd5 Kd7 10. c3 a6 11. Bxc6+ Kxc6 12. Nxe7+ Nxe7 13. Bxe7 Re8
14. Bh4 b5 15. O-O-O Be6 16. Bg3 Red8 17. Kb1 a5 18. Rd2 d5 19. e4 dxe4 20.
Rxd8 Rxd8 21. Ng5 Bf5 22. Nxf7 Rd7 23. Ng5 e3+ 24. Kc1 Bh6 25. h4 e2 26. Re1
Bd3 27. f4 Bxg5 28. hxg5 Kd5 29. Kd2 Ke4 30. b3 Bc4+ 31. Kc1 Bd3 32. Kb2 a4
33. Kc1 axb3 34. axb3 Ra7 35. Kb2 b4 36. cxb4 Rc7 37. f5 Rc2+ 38. Ka3 gxf5
39. g6 hxg6 40. b5 Rd2 41. b6 Ba6 42. Kb4 Rd1 43. Ka5 Ra1+ 44. Kb4 Rxe1 45.
Bxe1 Ke3 46. Ka5 Bb7 47. b4 Be4 48. b7 Kd3 49. b8=Q Kc2 50. Qc8+ Kd1 51. Bg3
Bd3 52. Be1 {Black forfeits on time} 1-0

[Event "ICCopen2017"]
[Site "Internet Chess Club"]
[Date "2017.03.19"]
[Round "8"]
[White "daskapitallesen"]
[Black "Dupinpon"]
[Result "1-0"]
[ICCResult "Black forfeits on time"]
[WhiteElo "1829"]
[BlackElo "1604"]
[Opening "King's Indian: Makagonov system (5.h3)"]
[ECO "E71"]
[NIC "KI.30"]
[Time "20:38:28"]
[TimeControl "180+0"]

1. d4 Nf6 2. c4 g6 3. Nc3 Bg7 4. e4 d6 5. h3 O-O 6. Bg5 c5 7. d5 Qa5 8. Bd2
a6 9. Bd3 Qc7 10. a4 e6 11. Nf3 exd5 12. cxd5 c4 13. Bc2 Re8 14. O-O Nbd7
15. Re1 Nc5 16. Bf4 Nh5 17. Bh2 Bd7 18. Nd2 b5 19. axb5 axb5 20. Rxa8 Rxa8
21. g4 b4 22. Ne2 Nd3 23. Bxd3 cxd3 24. Nc1 Ra3 25. bxa3 bxa3 26. Ncb3 Ba4
27. Qb1 Qc3 28. Rc1 Qb2 29. Qxb2 axb2 30. Rb1 Bxb3 31. Nxb3 Nf6 32. f3 Nd7
33. Bxd6 Nb6 34. Ba3 Nc4 35. Bxb2 Nxb2 36. Rxb2 Bxb2 37. Nd2 Bc3 38. Nc4
Bd4+ 39. Kf1 {Black forfeits on time} 1-0

[Event "ICCopen2017"]
[Site "Internet Chess Club"]
[Date "2017.03.19"]
[Round "8"]
[White "JESSEJOSE"]
[Black "WestPalm"]
[Result "1-0"]
[ICCResult "Black checkmated"]
[WhiteElo "1601"]
[BlackElo "1564"]
[Opening "Sicilian: Canal-Sokolsky (Nimzovich-Rossolimo, Moscow) attack"]
[ECO "B51"]
[NIC "SI.01"]
[Time "20:38:49"]
[TimeControl "180+0"]

1. e4 c5 2. Nf3 d6 3. Bb5+ Nc6 4. Bxc6+ bxc6 5. h3 Nf6 6. d3 e5 7. O-O Be6
8. Re1 Be7 9. c3 O-O 10. Qc2 Rb8 11. Nbd2 Qb6 12. b3 Rfd8 13. Nc4 Bxc4 14.
dxc4 Ne8 15. Be3 a5 16. Rad1 g6 17. Rd3 Ng7 18. Red1 Ne6 19. g3 Qc7 20. Qb2
Rd7 21. Qa3 Rbd8 22. Qa4 Qb6 23. Qa3 Qc7 24. Qc1 f6 25. h4 Kf7 26. h5 g5 27.
Qd2 h6 28. Nh2 Kg7 29. Qe2 a4 30. Qg4 Nf8 31. Qf5 axb3 32. axb3 Rb8 33. f4
Rxb3 34. fxe5 fxe5 35. Bxc5 Rd8 36. Rf1 dxc5 37. Qf7+ Kh8 38. Rxd8 Qxd8 39.
Ng4 Qd6 40. Nf6 Rxc3 41. Qg8# {Black checkmated} 1-0